TOP OF THE 1ST |
Kansas City Kings batting - Pitching for New York Knights : RHP Thatcher Smith
|
Pitching: RHP Thatcher Smith
|
|
Batting: SHB Douglas Taylor
|
0-0: Fly out, F8 (Flyball, 8RM)
|
Batting: RHB Chris Chandler
|
0-0: Ball 1-0: Foul Ball, location: 2F 1-1: Swinging Strike 1-2: Fly out, F8 (Flyball, 8LS)
|
Batting: RHB Toshimichi Kono
|
0-0: Ball 1-0: Ball 2-0: Called Strike 2-1: Ball 3-1: Foul Ball, location: 2F 3-2: Foul Ball, location: 2F 3-2: Base on Balls
|
Batting: LHB Ron Crawford
|
0-0: Called Strike 0-1: Ball 1-1: Ball 2-1: Swinging Strike 2-2: Ball 3-2: Base on Balls Toshimichi Kono to second
|
Batting: RHB Cy Keynes
|
0-0: Fly out, F9 (Flyball, 89XD)
|
Top of the 1st over - 0 runs, 0 hits, 0 errors, 2 left on base; Kansas City 0 - New York 0 |
BOTTOM OF THE 1ST |
New York Knights batting - Pitching for Kansas City Kings : LHP Carlos Tavárez
|
Pitching: LHP Carlos Tavárez
|
|
Batting: RHB Robert Downing
|
0-0: Ball 1-0: Ground out 5-3 (Groundball, 56)
|
Batting: LHB Bill McCraney
|
0-0: Called Strike 0-1: Called Strike 0-2: Strikes out swinging
|
Batting: SHB Mark Wells
|
0-0: Ball 1-0: Foul Ball, location: 2F 1-1: Fly out, F3 (Popup, 3SF)
|
Bottom of the 1st over - 0 runs, 0 hits, 0 errors, 0 left on base; Kansas City 0 - New York 0 |
TOP OF THE 2ND |
Kansas City Kings batting - Pitching for New York Knights : RHP Thatcher Smith
|
Batting: RHB Dave Parker
|
0-0: SINGLE (Groundball, 34D)
|
Batting: RHB Eduardo García
|
0-0: Ball 1-0: Ball 2-0: Called Strike 2-1: Fly out, F8 (Flyball, 78S)
|
Batting: RHB Rafael Carreón
|
0-0: Ball 1-0: Called Strike 1-1: Fly out, F9 (Flyball, 9LS)
|
Batting: RHB Dennis Garner
|
0-0: Swinging Strike 0-1: Foul Ball, location: 2F 0-2: Ball 1-2: Ball 2-2: Ball 3-2: Ground out 5-3 (Groundball, 56)
|
Top of the 2nd over - 0 runs, 1 hit, 0 errors, 1 left on base; Kansas City 0 - New York 0 |
BOTTOM OF THE 2ND |
New York Knights batting - Pitching for Kansas City Kings : LHP Carlos Tavárez
|
Batting: RHB Vic Langlois
|
0-0: Ball 1-0: Called Strike 1-1: Swinging Strike 1-2: SINGLE (Line Drive, 34)
|
Batting: RHB Alberto Hernández
|
0-0: Swinging Strike 0-1: Foul Ball, location: 2F 0-2: Ball 1-2: SINGLE (Groundball, 3D) Vic Langlois to second Vic Langlois to third
|
Batting: RHB Jackson Gibson
|
0-0: Ball 1-0: Foul Ball, location: 2F 1-1: Ground out 3-1 (Groundball, 34S) Vic Langlois scores Alberto Hernández to second
|
Batting: LHB José Peralta
|
0-0: Ball 1-0: Ball 2-0: Ball 3-0: Called Strike 3-1: Base on Balls
|
Batting: SHB Chris Young
|
0-0: Called Strike 0-1: Grounds into double play, 2-4-3 (Groundball, 2L)
|
Bottom of the 2nd over - 1 run, 2 hits, 0 errors, 1 left on base; Kansas City 0 - New York 1 |
TOP OF THE 3RD |
Kansas City Kings batting - Pitching for New York Knights : RHP Thatcher Smith
|
Batting: SHB Douglas Taylor
|
0-0: Called Strike 0-1: Ball 1-1: Ground out 4-3 (Groundball, 4M)
|
Batting: RHB Chris Chandler
|
0-0: Called Strike 0-1: Ball 1-1: Ball 2-1: Swinging Strike 2-2: Strikes out swinging
|
Batting: RHB Toshimichi Kono
|
0-0: Foul Ball, location: 2F 0-1: SINGLE (Groundball, 4MD)
|
Batting: LHB Ron Crawford
|
0-0: Called Strike 0-1: Swinging Strike 0-2: Ball Wild Pitch! Toshimichi Kono to second 1-2: Foul Ball, location: 2F 1-2: Ball 2-2: Foul Ball, location: 2F 2-2: Ball 3-2: Ground out 1-3 (Groundball, 13S)
|
Top of the 3rd over - 0 runs, 1 hit, 0 errors, 1 left on base; Kansas City 0 - New York 1 |
BOTTOM OF THE 3RD |
New York Knights batting - Pitching for Kansas City Kings : LHP Carlos Tavárez
|
Batting: LHB Bernardo Rodríguez
|
0-0: SINGLE (Line Drive, 4MD)
|
Pitching: RHP Raymond Gregg
|
|
Batting: RHB Robert Downing
|
0-0: Called Strike 0-1: Ball 1-1: Fly out, F8 (Flyball, 8LM)
|
Pitching: RHP Gene McNeil
|
|
Batting: LHB Bill McCraney
|
0-0: Ball 1-0: Grounds into double play, 4-6-3 (Groundball, 4)
|
Bottom of the 3rd over - 0 runs, 1 hit, 0 errors, 0 left on base; Kansas City 0 - New York 1 |
TOP OF THE 4TH |
Kansas City Kings batting - Pitching for New York Knights : RHP Thatcher Smith
|
Batting: RHB Cy Keynes
|
0-0: Foul Ball, location: 2F 0-1: Ground out 1-3 (Groundball, 15S)
|
Batting: RHB Dave Parker
|
0-0: Ball 1-0: Called Strike 1-1: Ball 2-1: Called Strike 2-2: Foul Ball, location: 2F 2-2: Strikes out swinging
|
Batting: RHB Eduardo García
|
0-0: Called Strike 0-1: Ball 1-1: Called Strike 1-2: Foul Ball, location: 2F 1-2: Foul Ball, location: 2F 1-2: Foul Ball, location: 2F 1-2: Ground out 1-3 (Groundball, 13S)
|
Top of the 4th over - 0 runs, 0 hits, 0 errors, 0 left on base; Kansas City 0 - New York 1 |
BOTTOM OF THE 4TH |
New York Knights batting - Pitching for Kansas City Kings : RHP Gene McNeil
|
Batting: SHB Mark Wells
|
0-0: Ball 1-0: Ball 2-0: DOUBLE (Line Drive, 8RXD)
|
Batting: RHB Vic Langlois
|
0-0: Ball 1-0: Ball 2-0: Ground out 6-3 (Groundball, 6) Mark Wells to third
|
Batting: RHB Alberto Hernández
|
0-0: Ball 1-0: Swinging Strike 1-1: Foul Ball, location: 2F 1-2: Ball 2-2: Ball 3-2: DOUBLE (Flyball, 78XD) Mark Wells scores
|
Batting: RHB Jackson Gibson
|
0-0: Swinging Strike 0-1: Ball 1-1: Foul Ball, location: 2F 1-2: Strikes out looking
|
Batting: LHB José Peralta
|
0-0: Ball 1-0: Ball 2-0: Ball 3-0: Called Strike 3-1: Base on Balls
|
Batting: SHB Chris Young
|
0-0: Ball 1-0: Called Strike 1-1: Foul Ball, location: 2F 1-2: Ball 2-2: Foul Ball, location: 2F 2-2: Strikes out looking
|
Bottom of the 4th over - 1 run, 2 hits, 0 errors, 2 left on base; Kansas City 0 - New York 2 |
TOP OF THE 5TH |
Kansas City Kings batting - Pitching for New York Knights : RHP Thatcher Smith
|
Batting: RHB Rafael Carreón
|
0-0: Ball 1-0: Ground out 5-3 (Groundball, 56)
|
Batting: RHB Dennis Garner
|
0-0: Ball 1-0: Called Strike 1-1: Ball 2-1: SINGLE (Groundball, 56) (infield hit)
|
Batting: SHB Douglas Taylor
|
0-0: Ball Dennis Garner steals 2nd base 1-0: Ball 2-0: Called Strike 2-1: Ground out 6-3 (Groundball, 6MD) Dennis Garner to third
|
Batting: RHB Chris Chandler
|
0-0: Swinging Strike 0-1: Foul Ball, location: 2F 0-2: SINGLE (Line Drive, 7S) Dennis Garner scores
|
Batting: RHB Toshimichi Kono
|
0-0: Ball 1-0: Called Strike Chris Chandler steals 2nd base 1-1: Ball 2-1: Ground out 5-3 (Groundball, 56)
|
Top of the 5th over - 1 run, 2 hits, 0 errors, 1 left on base; Kansas City 1 - New York 2 |
BOTTOM OF THE 5TH |
New York Knights batting - Pitching for Kansas City Kings : RHP Gene McNeil
|
Batting: LHB Bernardo Rodríguez
|
0-0: Swinging Strike 0-1: Ball 1-1: SINGLE (Groundball, 56D)
|
Batting: RHB Robert Downing
|
0-0: Ball 1-0: Called Strike 1-1: Ball Bernardo Rodríguez steals 2nd base 2-1: Called Strike 2-2: Ball 3-2: Foul Ball, location: 2F 3-2: TRIPLE (Line Drive, 89XD) Bernardo Rodríguez scores
|
Batting: LHB Bill McCraney
|
0-0: Called Strike 0-1: Fly out, F9 (Flyball, 9S)
|
Batting: SHB Mark Wells
|
0-0: Ball 1-0: Swinging Strike 1-1: Called Strike 1-2: Ball 2-2: Foul Ball, location: 2F 2-2: SINGLE (Line Drive, 6MD) Robert Downing scores
|
Batting: RHB Vic Langlois
|
0-0: Ball Mark Wells steals 2nd base 1-0: Ground out 3-1 (Groundball, 34) Mark Wells to third
|
Batting: RHB Alberto Hernández
|
0-0: Ball 1-0: Swinging Strike 1-1: Swinging Strike 1-2: Foul Ball, location: 2F 1-2: Ball 2-2: Ball 3-2: Foul Ball, location: 2F 3-2: Foul Ball, location: 2F 3-2: Foul Ball, location: 2F 3-2: Hit by Pitch
|
Batting: RHB Jackson Gibson
|
0-0: Fly out, F7 (Line Drive, 7D)
|
Bottom of the 5th over - 2 runs, 3 hits, 0 errors, 2 left on base; Kansas City 1 - New York 4 |
TOP OF THE 6TH |
Kansas City Kings batting - Pitching for New York Knights : RHP Thatcher Smith
|
Batting: LHB Ron Crawford
|
0-0: Ball 1-0: Ball 2-0: Foul Ball, location: 2F 2-1: Fly out, F8 (Flyball, 8RD)
|
Batting: RHB Cy Keynes
|
0-0: Ball 1-0: Foul Ball, location: 2F 1-1: Foul Ball, location: 2F 1-2: Ball 2-2: Foul Ball, location: 2F 2-2: Foul Ball, location: 2F 2-2: Ball 3-2: Foul Ball, location: 2F 3-2: Base on Balls
|
Pitching: RHP James Jones
|
|
Batting: RHB Dave Parker
|
0-0: Ball 1-0: Grounds into double play, 6-4-3 (Groundball, 56)
|
Top of the 6th over - 0 runs, 0 hits, 0 errors, 0 left on base; Kansas City 1 - New York 4 |
BOTTOM OF THE 6TH |
New York Knights batting - Pitching for Kansas City Kings : RHP Gene McNeil
|
Pitching: LHP Rob Lucas
|
|
Batting: LHB José Peralta
|
0-0: Ball 1-0: Swinging Strike 1-1: Ball 2-1: Swinging Strike 2-2: Ground out 6-3 (Groundball, 6)
|
Batting: SHB Chris Young
|
0-0: Foul Ball, location: 2F 0-1: Ball 1-1: Swinging Strike 1-2: Strikes out swinging, 2-3 out at first.
|
Batting: LHB Bernardo Rodríguez
|
0-0: Swinging Strike 0-1: Ball 1-1: Ball 2-1: Ground out U3 (Groundball, 3)
|
Bottom of the 6th over - 0 runs, 0 hits, 0 errors, 0 left on base; Kansas City 1 - New York 4 |
TOP OF THE 7TH |
Kansas City Kings batting - Pitching for New York Knights : RHP James Jones
|
Pitching: RHP Steve Poe
|
|
Batting: RHB Eduardo García
|
0-0: Called Strike 0-1: Foul Ball, location: 2F 0-2: Ball 1-2: Strikes out looking
|
Batting: RHB Rafael Carreón
|
0-0: Called Strike 0-1: Ball 1-1: Ball 2-1: Swinging Strike 2-2: Foul Ball, location: 2F 2-2: Ball 3-2: SINGLE (Line Drive, 6MD)
|
Batting: RHB Dennis Garner
|
0-0: Ball 1-0: Ball 2-0: Swinging Strike 2-1: Foul Ball, location: 2F 2-2: Ball 3-2: Foul Ball, location: 2F 3-2: Strikes out swinging
|
Batting: SHB Douglas Taylor
|
0-0: Ball 1-0: Foul Ball, location: 2F 1-1: Fly out, F9 (Flyball, 9S)
|
Top of the 7th over - 0 runs, 1 hit, 0 errors, 1 left on base; Kansas City 1 - New York 4 |
BOTTOM OF THE 7TH |
New York Knights batting - Pitching for Kansas City Kings : LHP Rob Lucas
|
Batting: RHB Robert Downing
|
0-0: Called Strike 0-1: Ball 1-1: Ball 2-1: Foul Ball, location: 2F 2-2: Foul Ball, location: 2F 2-2: SINGLE (Flyball, 78M)
|
Batting: LHB Bill McCraney
|
0-0: Ball Robert Downing steals 2nd base 1-0: Called Strike 1-1: Ball 2-1: Ball 3-1: Fly out, F9 (Flyball, 9)
|
Batting: SHB Mark Wells
|
0-0: Called Strike 0-1: Called Strike 0-2: Ball 1-2: DOUBLE (Line Drive, 89D) Robert Downing scores
|
Batting: RHB Vic Langlois
|
0-0: Intentional Walk
|
Batting: RHB Alberto Hernández
|
0-0: Called Strike Mark Wells steals 3rd base Vic Langlois to second 0-1: Ball 1-1: Foul Ball, location: 2F 1-2: Strikes out looking
|
Batting: RHB Jackson Gibson
|
0-0: DOUBLE (Flyball, 8RXD) Mark Wells scores Vic Langlois scores
|
Batting: LHB José Peralta
|
0-0: Ground out 6-3 (Groundball, 6M)
|
Bottom of the 7th over - 3 runs, 3 hits, 0 errors, 1 left on base; Kansas City 1 - New York 7 |
TOP OF THE 8TH |
Kansas City Kings batting - Pitching for New York Knights : RHP Steve Poe
|
Batting: RHB Chris Chandler
|
0-0: Ball 1-0: Called Strike 1-1: Ball 2-1: Swinging Strike 2-2: Foul Ball, location: 2F 2-2: Ball 3-2: Foul Ball, location: 2F 3-2: Fly out, F8 (Line Drive, 8RXD)
|
Batting: RHB Toshimichi Kono
|
0-0: Ball 1-0: Ground out 1-3 (Groundball, P)
|
Batting: LHB Ron Crawford
|
0-0: Ball 1-0: Foul Ball, location: 2F 1-1: Ball 2-1: Ball 3-1: Base on Balls
|
Batting: RHB Cy Keynes
|
0-0: Swinging Strike 0-1: Ball 1-1: Ball 2-1: Called Strike 2-2: Foul Ball, location: 2F 2-2: Ground out 4-3 (Groundball, 34)
|
Top of the 8th over - 0 runs, 0 hits, 0 errors, 1 left on base; Kansas City 1 - New York 7 |
BOTTOM OF THE 8TH |
New York Knights batting - Pitching for Kansas City Kings : LHP Rob Lucas
|
Batting: SHB Chris Young
|
0-0: Ball 1-0: Ground out 5-3 (Groundball, 56)
|
Batting: LHB Bernardo Rodríguez
|
0-0: Called Strike 0-1: Foul Ball, location: 2F 0-2: Ball 1-2: Ground out U3 (Groundball, 3L)
|
Batting: RHB Robert Downing
|
0-0: Ball 1-0: Swinging Strike 1-1: Called Strike 1-2: Ball 2-2: Foul Ball, location: 2F 2-2: SINGLE (Line Drive, 56)
|
Batting: LHB Bill McCraney
|
0-0: Called Strike 0-1: Ball 1-1: Called Strike 1-2: Foul Ball, location: 2F 1-2: Ball 2-2: Foul Ball, location: 2F 2-2: SINGLE (Groundball, 4MD) Robert Downing to second Runner from 2nd tries for 3rd, SAFE, throw made to third
|
Pitching: RHP Brian Hull
|
|
Batting: SHB Mark Wells
|
0-0: Ball 1-0: Fly out, F8 (Flyball, 8RD)
|
Bottom of the 8th over - 0 runs, 2 hits, 0 errors, 2 left on base; Kansas City 1 - New York 7 |
TOP OF THE 9TH |
Kansas City Kings batting - Pitching for New York Knights : RHP Steve Poe
|
Batting: RHB Dave Parker
|
0-0: Ball 1-0: Ball 2-0: Called Strike 2-1: Ball 3-1: Foul Ball, location: 2F 3-2: SINGLE (Groundball, 6S) (infield hit)
|
Batting: RHB Eduardo García
|
0-0: Called Strike 0-1: Foul Ball, location: 2F 0-2: Ball 1-2: Foul Ball, location: 2F 1-2: Strikes out looking
|
Pitching: LHP Henny van der Lack
|
|
Batting: RHB Rafael Carreón
|
0-0: Ball 1-0: Ball 2-0: Ball 3-0: Base on Balls Dave Parker to second
|
Batting: RHB Dennis Garner
|
0-0: Called Strike 0-1: Foul Ball, location: 2F 0-2: Grounds into double play, 1-4-3 (Groundball, 15)
|
Top of the 9th over - 0 runs, 1 hit, 0 errors, 1 left on base; Kansas City 1 - New York 7 |
|